Map: Deathaura LE

Players

Future

  • Race: Terran Terran
  • Spawn Location: 5:00

TLHarstem (Harstem) - Winner!

  • Race: Protoss Protoss
  • Spawn Location: 11:00

Event: StayAtHomestory Cup #2

VOD

Have the link to the VOD?

Description

Time

  • Played on: June 11, 2020, 1:30 p.m.
  • Length: 10:01
Show
View Real Time Build Order
Export as new Build Order

Future Terran 

Build Orders: Gas First Reaper Expand, Banshee Rush 

Get SALT Encoding   

  12  0:00  SCV  
  13  0:13  SCV  
  14  0:17  Supply Depot  
  14  0:25  SCV  
  15  0:28  Refinery  
  15  0:38  SCV  
  16  0:44  Barracks  
  16  0:50  SCV  
  17  1:02  SCV  
  18  1:14  SCV  
  19  1:31  Orbital Command, Reaper  
  20  1:50  Command Center  
  20  1:56  SCV, Factory  
  21  2:06  Barracks Reactor  
  21  2:08  SCV  
  21  2:10  Supply Depot  
  21  2:14  Refinery  
  22  2:20  SCV  
  23  2:33  SCV  
  24  2:44  Starport  
  24  2:45  SCV  
  24  2:48  Hellion  
  24  2:49  Hellion  
  29  2:52  Supply Depot  
  29  2:57  SCV  
  29  2:58  Barracks Tech Lab  
  29  3:10  SCV  
  30  3:14  Hellion x2  
  34  3:22  SCV, Orbital Command  
  35  3:29  Cloaking Field  
  35  3:31  Banshee  
  38  3:37  SCV  
  39  3:42  Marine x2  
  39  3:47  SCV, Factory Tech Lab  
  42  3:49  SCV  
  42  3:50  Supply Depot  
  43  3:59  SCV  
  43  4:00  Marine x2  
  43  4:01  SCV  
  47  4:07  Siege Tank  
  48  4:11  SCV  
  48  4:13  SCV  
  46  4:18  Marine  
  46  4:19  Banshee  
  46  4:21  Marine  
  46  4:24  SCV  
  52  4:25  SCV, Supply Depot  
  53  4:36  SCV, Marine  
  53  4:37  SCV  
  53  4:38  Barracks  
  56  4:39  Marine  
  56  4:41  Barracks  
  57  4:49  SCV  
  57  4:50  SCV  
  57  4:52  Siege Tank  
  62  4:55  Bunker  
  62  5:00  Supply Depot  
  62  5:01  SCV  
  62  5:02  SCV  
  64  5:07  Marine  
  64  5:08  Marine  
  64  5:11  Engineering Bay  
  66  5:14  SCV x2  
  66  5:15  Starport Reactor  
  66  5:16  Refinery  
  66  5:19  Refinery  
  68  5:26  SCV x2  
  68  5:31  Barracks  
  68  5:33  Barracks  
  68  5:38  SCV x2, Terran Infantry Weapons Level 1  
  68  5:39  Factory Reactor  
  68  5:41  Stimpack  
  70  5:53  Marine x2, Marauder x2  
  73  5:57  Supply Depot  
  73  6:00  Supply Depot  
  73  6:02  Combat Shield  
  73  6:11  Marine x2  
  74  6:14  Marauder  
  77  6:18  Medivac x2  
  77  6:19  Marauder  
  77  6:21  Widow Mine  
  77  6:22  Widow Mine  
  77  6:23  Barracks Tech Lab  
  77  6:25  Supply Depot  
  87  6:27  Supply Depot  
  87  6:28  Marine  
  87  6:31  Barracks Tech Lab  
  87  6:33  Marine  
  87  6:36  Marauder  
  90  6:40  Marauder  
  90  6:45  Marauder  
  90  6:46  Marine  
  95  6:51  Medivac  
  97  6:57  Marauder  
  97  6:58  Marauder, Supply Depot  
  97  7:00  Supply Depot  
  101  7:02  Marauder  
  101  7:03  Marine, Medivac  
  101  7:04  Marine  
  101  7:06  Marauder  
  109  7:11  Concussive Shells  
  109  7:20  Widow Mine x2, Marauder x2  
  117  7:23  Marauder  
  117  7:26  Marine  
  117  7:27  Marine, Marauder  
  123  7:41  Marauder  
  125  7:44  Marine  
  125  7:45  Supply Depot  
  125  7:46  Supply Depot  
  125  7:47  Marauder  
  125  7:48  Marine  
  125  7:49  Viking x2, Marauder  
  123  7:59  Marauder  
  123  8:03  Marauder  
  112  8:09  Marauder  
  112  8:10  Marauder  
  108  8:19  Medivac x2  
  100  8:20  Marauder  
  100  8:24  Marauder  
  100  8:26  Marine x2  
  97  8:29  Widow Mine x2  
  97  8:30  Marauder  
  97  8:31  Marauder  
  104  8:41  Marauder  
  104  8:44  Marine x2  
  104  8:45  Marauder  
  108  8:53  Marauder x2  
  114  8:56  Widow Mine x2  
  120  9:03  Marauder  
  120  9:07  Marauder  
  120  9:09  Medivac x2  
  124  9:10  Marine  
  124  9:14  Marauder  
  108  9:25  Marauder  
  102  9:34  Marauder  
  98  9:39  Marine, Marauder  
  98  9:40  Marine  
Show
View Real Time Build Order
Export as new Build Order

TLHarstem Protoss - Winner!

Build Orders: 1 Gate Expand, Colossus Rush 

Get SALT Encoding   

  12  0:01  Probe  
  13  0:13  Probe  
  14  0:19  Pylon  
  14  0:25  Probe  
  15  0:36  Probe  
  15  0:37  Gateway  
  16  0:44  Probe  
  17  0:50  Assimilator  
  17  0:53  Probe  
  18  1:05  Probe  
  19  1:17  Probe  
  20  1:25  Cybernetics Core  
  20  1:32  Nexus  
  20  1:39  Pylon  
  20  1:42  Probe  
  21  1:51  Adept  
  21  1:54  Probe, Assimilator  
  24  2:03  Warp Gate  
  24  2:06  Probe  
  25  2:11  Stalker  
  25  2:18  Probe  
  27  2:30  Probe  
  27  2:37  Robotics Facility  
  28  2:42  Probe x2  
  29  2:50  Probe  
  30  2:54  Probe  
  30  2:56  Stalker  
  34  2:59  Probe  
  35  3:06  Probe  
  35  3:11  Probe  
  37  3:13  Gateway  
  37  3:17  Gateway  
  37  3:19  Probe  
  38  3:23  Probe  
  38  3:24  Observer  
  40  3:29  Sentry  
  40  3:31  Probe, Pylon  
  43  3:35  Probe  
  44  3:43  Probe  
  44  3:47  Probe  
  46  3:49  Observer  
  46  3:55  Probe  
  48  3:57  Pylon  
  48  3:59  Probe  
  49  4:06  Stalker  
  49  4:07  Probe  
  50  4:10  Stalker  
  50  4:13  Probe  
  51  4:18  Stalker  
  51  4:19  Probe  
  51  4:23  Pylon  
  54  4:25  Probe  
  54  4:30  Assimilator  
  55  4:33  Pylon  
  55  4:35  Pylon, Assimilator  
  55  4:38  Robotics Bay, Pylon  
  55  4:41  Probe x2  
  55  4:44  Observer  
  57  4:53  Probe x2  
  59  5:05  Nexus, Probe x2  
  59  5:06  Pylon  
  61  5:07  Shield Battery  
  61  5:10  Stalker x2  
  61  5:11  Pylon  
  61  5:13  Colossus  
  65  5:17  Probe x2  
  66  5:26  Extended Thermal Lance  
  71  5:29  Probe x2  
  73  5:41  Probe x2  
  75  5:43  Forge  
  73  5:52  Sentry, Zealot x2  
  73  5:53  Probe x2  
  73  5:55  Colossus  
  81  6:05  Probe x2  
  81  6:11  Shield Battery  
  89  6:16  Twilight Council  
  89  6:17  Probe x3  
  89  6:18  Stalker  
  94  6:23  Observer  
  92  6:26  Zealot, Protoss Ground Weapons Level 1  
  92  6:29  Probe x2  
  92  6:32  Probe  
  97  6:33  Shield Battery  
  97  6:38  Shield Battery  
  97  6:39  Stalker  
  99  6:42  Probe  
  99  6:45  Stalker  
  99  6:46  Stalker  
  103  6:47  Colossus  
  103  6:53  Probe x2  
  104  6:54  Assimilator  
  104  6:55  Probe  
  104  6:56  Charge, Shield Battery, Assimilator  
  111  7:02  Pylon  
  111  7:03  Pylon  
  111  7:06  Zealot  
  113  7:10  Zealot  
  113  7:14  Shield Battery  
  115  7:16  Zealot  
  116  7:28  Zealot  
  118  7:31  Gateway  
  118  7:34  Colossus  
  118  7:35  Zealot  
  120  7:39  Zealot  
  128  7:45  Gateway, Templar Archives  
  128  7:48  Gateway  
  128  7:49  Probe  
  127  7:51  Stalker  
  127  7:56  Zealot  
  127  7:57  Probe  
  128  8:03  Stalker  
  120  8:12  Colossus  
  104  8:18  Zealot x2  
  84  8:27  Stalker x2  
  84  8:30  Probe  
  93  8:35  Gateway  
  93  8:37  Gateway  
  93  8:41  Zealot x3  
  97  8:45  Photon Cannon  
  97  8:46  Pylon  
  97  8:47  Zealot  
  99  8:51  High Templar x2  
  99  8:55  Archon  
  103  9:04  Colossus, High Templar x2  
  103  9:05  Zealot  
  103  9:09  Archon  
  115  9:10  Gateway  
  115  9:16  Pylon  
  111  9:18  Zealot  
  103  9:28  Zealot x3  
  97  9:37  Zealot x4  
  97  9:42  Zealot  
  97  9:51  Zealot x3  
  101  9:55  Gateway x2  
  101  9:57  Pylon  
Tags
 
Add a new tag
Caveats
  • Supply blocks, unpowered buildings, or Contaminate may cause inaccurate times.
  • Supply counts are checked every 10 seconds.